[Event "Titled Tuesday Blitz November 29 Late 2022"]
[White "Meduri, Aakaash"]
[Black "Curtis, John"]
[WhiteFideId "2032252"]
[BlackFideId "3200256"]
[WhiteElo "2113"]
[BlackElo "2203"]
[Result "0-1"]
[Round "05"]
[TimeControl "180+1"]
[Date "2022.11.30"]
[WhiteClock "0:00:10"]
[BlackClock "0:00:21"]

1. d4 Nf6 2. Bf4 Nh5 3. Bg5 h6 4. Bh4 g5 5. e3 Nf6 6. Bg3 d6 7. Bd3 Nc6 8. h3 Nb4 9. Bc4 Bf5 10. Bb3 Ne4 11. Bh2 Bg7 12. a3 Nc6 13. Ne2 O-O 14. Nd2 Nxd2 15. Qxd2 e5 16. O-O exd4 17. Nxd4 Nxd4 18. exd4 Qd7 19. Rfe1 Rfe8 20. c3 d5 21. Re2 Rxe2 22. Qxe2 Re8 23. Qd2 c6 24. Bc2 Bxc2 25. Qxc2 Qe6 26. Bg3 Qe2 27. Qb3 b5 28. a4 Qc4 29. Qxc4 bxc4 30. Kf1 Re7 31. Ra2 f5 32. Bd6 Rb7 33. Ke2 h5 34. Kd2 Kf7 35. Kc2 g4 36. Ra1 Rd7 37. Bc5 a6 38. Re1 Bf6 39. b3 cxb3+ 40. Kxb3 Rb7+ 41. Kc2 Rb8 42. hxg4 fxg4 43. Rh1 h4 44. Bd6 Re8 45. Kd3 Kg6 46. Bf4 Kf5 47. Bd6 Re6 48. Bc7 Re7 49. Bd6 Rh7 50. c4 h3 51. gxh3 Rxh3+ 52. Rxh3 gxh3 53. cxd5 cxd5 54. Ke3 Kg4 55. Bf4 Bxd4+ 0-1


[Site "https://www.chess.com"]

[Event "Titled Tuesday Blitz November 29 Late 2022"]
[White "Melaugh, Shane"]
[Black "Yi, Richard"]
[WhiteFideId "2509580"]
[BlackFideId "2079518"]
[WhiteElo "2025"]
[BlackElo "2147"]
[Result "1-0"]
[Round "05"]
[TimeControl "180+1"]
[Date "2022.11.30"]
[WhiteClock "0:00:33"]
[BlackClock "0:00:02"]

1. c4 Nf6 2. Nc3 d5 3. cxd5 Nxd5 4. e4 Nxc3 5. bxc3 g6 6. d4 Bg7 7. Nf3 c5 8. Be2 O-O 9. O-O Bg4 10. Be3 cxd4 11. cxd4 Nc6 12. e5 e6 13. h3 Bxf3 14. Bxf3 Qd7 15. Rb1 Rfd8 16. Bxc6 Qxc6 17. Qb3 Rd7 18. Rfc1 Qa6 19. Qc4 Qxc4 20. Rxc4 Bf8 21. Rbc1 h6 22. Rc8 Rxc8 23. Rxc8 g5 24. h4 Kg7 25. hxg5 hxg5 26. Bxg5 Be7 27. Be3 a5 28. Ra8 Bb4 29. Rc8 Be7 30. Kf1 f6 31. exf6+ Bxf6 32. Ke2 Kg6 33. Rc5 b6 34. Rc6 Kf5 35. Rxb6 Bd8 36. Rb5+ Kg6 37. Kd3 Rh7 38. g3 Rh1 39. Rb8 Be7 40. Rb6 Kf6 41. d5 Ra1 42. Rxe6+ Kf7 43. Ra6 Rxa2 44. Ke4 a4 45. d6 Bd8 46. Ke5 Bf6+ 47. Kf5 Bd8 48. Ra7+ Ke8 49. Ke6 a3 50. d7+ Kf8 51. Ra8 Kg7 52. Rxd8 Rc2 53. Rc8 Rxc8 1-0


[Site "https://www.chess.com"]

[Event "Titled Tuesday Blitz November 29 Late 2022"]
[White "Melikyan, Gnel"]
[Black "Romero Ruscalleda, Josep"]
[WhiteFideId "54109990"]
[BlackFideId "2231859"]
[WhiteElo "2138"]
[BlackElo "2183"]
[Result "1-0"]
[Round "05"]
[TimeControl "180+1"]
[Date "2022.11.30"]
[WhiteClock "0:00:07"]
[BlackClock "0:00:04"]

1. d4 g6 2. c4 Bg7 3. b3 c5 4. Bb2 Nc6 5. Nf3 d6 6. h3 cxd4 7. Nxd4 Nf6 8. e3 O-O 9. Be2 Bd7 10. O-O Rc8 11. Nc3 Qa5 12. Rc1 Rfd8 13. Qd2 d5 14. cxd5 Nxd5 15. Rfd1 Nxd4 16. exd4 Be6 17. Nxd5 Qxd5 18. Bf3 Qb5 19. Rxc8 Bxc8 20. Rc1 Qb6 21. d5 Bd7 22. Rc4 Bb5 23. Rc1 Bxb2 24. Qxb2 Qd6 25. Qc3 Bd7 26. Qa5 Qb6 27. Qxb6 axb6 28. Rc7 Bf5 29. Rxb7 Bb1 30. a4 Bc2 31. Rxb6 e6 32. dxe6 fxe6 33. a5 1-0


[Site "https://www.chess.com"]

[Event "Titled Tuesday Blitz November 29 Late 2022"]
[White "Mgeladze, Tamaz"]
[Black "Chlpik, Martin"]
[WhiteFideId "13601202"]
[BlackFideId "14923351"]
[WhiteElo "2288"]
[BlackElo "2109"]
[Result "1-0"]
[Round "05"]
[TimeControl "180+1"]
[Date "2022.11.30"]
[WhiteClock "0:02:27"]
[BlackClock "0:01:47"]

1. c4 Nf6 2. Nc3 g6 3. g3 Bg7 4. Bg2 O-O 5. Nf3 d6 6. O-O c6 7. d3 e5 8. Rb1 a5 9. a3 a4 10. Nxa4 e4 11. Ne1 d5 12. cxd5 cxd5 13. Nc3 Qe7 14. Bg5 Be6 15. dxe4 dxe4 16. Nxe4 Nbd7 17. Nd3 h6 18. Nxf6+ Nxf6 19. Bxf6 Bxf6 20. Rc1 Kg7 21. Qd2 h5 22. Qb4 Qd8 23. Nf4 h4 24. Nxe6+ fxe6 25. Qxb7+ Rf7 26. Qxa8 1-0


[Site "https://www.chess.com"]

[Event "Titled Tuesday Blitz November 29 Late 2022"]
[White "Mickiewicz, Piotr"]
[Black "chess50years"]
[WhiteFideId "1114891"]
[WhiteElo "2246"]
[BlackElo "2143"]
[Result "1-0"]
[Round "05"]
[TimeControl "180+1"]
[Date "2022.11.30"]
[WhiteClock "0:00:33"]
[BlackClock "0:00:14"]

1. e4 c5 2. Nf3 e6 3. c3 Nf6 4. e5 Nd5 5. d4 cxd4 6. cxd4 d6 7. a3 Nc6 8. Bd3 Be7 9. O-O O-O 10. Qe2 Bd7 11. Qe4 f5 12. exf6 Nxf6 13. Qh4 d5 14. Bg5 Ne4 15. Bxe7 Qxe7 16. Qxe7 Nxe7 17. Nbd2 Nxd2 18. Nxd2 Nc6 19. Bb5 Rae8 20. Bxc6 Bxc6 21. g3 e5 22. dxe5 Rxe5 23. Rfe1 Rfe8 24. Nf3 Rxe1+ 25. Rxe1 Re4 26. b4 a6 27. Rxe4 dxe4 28. Ne5 Bd5 29. Kf1 Kf8 30. Ke2 Ke7 31. Ke3 Kd6 32. Kd4 g5 33. Ng4 Ke6 34. a4 b6 35. a5 bxa5 36. bxa5 Bc6 37. Ne3 h6 38. Kc5 Bb5 39. Kd4 Bd3 40. g4 Bb1 41. Nf5 Kf6 42. Nxh6 e3 43. fxe3 Bg6 44. e4 Ke6 45. Nf5 Bf7 46. Ne3 Kd6 47. e5+ Kc6 48. h3 Kb5 49. Nd5 Kxa5 50. Nc7 Kb6 51. e6 Bg6 52. Nxa6 Kxa6 53. Ke5 Kb6 54. Kf6 Be8 55. Kxg5 Kc7 56. Kf6 Kd6 57. h4 Bb5 58. h5 Bc4 59. h6 Bxe6 60. h7 Bxg4 61. h8=Q Be6 62. Qf8+ 1-0


[Site "https://www.chess.com"]

[Event "Titled Tuesday Blitz November 29 Late 2022"]
[White "Milikow, Yoav"]
[Black "Jobava, Baadur"]
[WhiteFideId "2822237"]
[BlackFideId "13601520"]
[WhiteElo "2341"]
[BlackElo "2582"]
[Result "0-1"]
[Round "05"]
[TimeControl "180+1"]
[Date "2022.11.30"]
[WhiteClock "0:00:04"]
[BlackClock "0:00:38"]

1. d4 Nf6 2. c4 g6 3. Nc3 Bg7 4. e4 O-O 5. Be2 c6 6. h4 h5 7. e5 Nh7 8. g4 d6 9. e6 Bxe6 10. gxh5 gxh5 11. d5 cxd5 12. cxd5 Bf5 13. Bxh5 Nd7 14. Nge2 Ne5 15. Ng3 Qd7 16. Nxf5 Qxf5 17. Be2 Kh8 18. f4 Ng6 19. Bg4 Bxc3+ 20. bxc3 Qe4+ 21. Kf2 Nxf4 22. Bf3 Nd3+ 23. Kf1 Qf5 24. Be3 Ne5 25. Bd4 Nf6 26. Bxe5 dxe5 27. Ke1 Rac8 28. Rc1 Rg8 29. Rf1 Qf4 30. Qd2 Rc4 31. Be2 Qg3+ 32. Kd1 Rxh4 33. d6 Ne4 34. Qd5 Nxc3+ 35. Rxc3 Qxc3 36. d7 Rd4+ 0-1


[Site "https://www.chess.com"]

[Event "Titled Tuesday Blitz November 29 Late 2022"]
[White "Miller, Luke C"]
[Black "Marcolino, Daniel Mattos"]
[WhiteFideId "2096935"]
[BlackFideId "2106841"]
[WhiteElo "2393"]
[BlackElo "2120"]
[Result "1-0"]
[Round "05"]
[TimeControl "180+1"]
[Date "2022.11.30"]
[WhiteClock "0:01:03"]
[BlackClock "0:01:27"]

1. e4 e5 2. f4 exf4 3. Nf3 Nf6 4. Nc3 Bb4 5. e5 Bxc3 6. dxc3 Ne4 7. Bxf4 O-O 8. Qd5 Nf6 9. exf6 Qxf6 10. Be5 Re8 11. O-O-O Qh6+ 12. Kb1 d6 13. Bg3 Nc6 14. Bd3 Be6 15. Qg5 Qxg5 16. Nxg5 a5 17. Bxh7+ Kf8 18. Nxe6+ Rxe6 19. Rhf1 a4 20. Bd3 a3 21. Bc4 Re7 22. b4 f6 23. Rf5 Ne5 24. Rh5 Ree8 25. Bxe5 fxe5 26. Rf1+ Ke7 27. Rf7+ Kd8 28. Rxg7 e4 29. Rhh7 e3 30. Rd7+ Kc8 31. Rxc7+ Kb8 32. Rxb7+ Kc8 33. Rbe7 1-0


[Site "https://www.chess.com"]

[Event "Titled Tuesday Blitz November 29 Late 2022"]
[White "Milosevic, Milos"]
[Black "Chirilov, James A"]
[WhiteFideId "964875"]
[BlackFideId "30976677"]
[WhiteElo "2321"]
[BlackElo "1790"]
[Result "1-0"]
[Round "05"]
[TimeControl "180+1"]
[Date "2022.11.30"]
[WhiteClock "0:00:16"]
[BlackClock "0:00:03"]

1. e4 c5 2. Nf3 d6 3. d4 cxd4 4. Nxd4 Nf6 5. Nc3 a6 6. Bg5 Nbd7 7. f4 Qc7 8. Qf3 e6 9. O-O-O b5 10. Bd3 h6 11. Bxf6 Nxf6 12. e5 Bb7 13. Qh3 Nd7 14. Nxe6 fxe6 15. Qxe6+ Kd8 16. Rhe1 Nc5 17. exd6 Bxd6 18. Qg6 Bxf4+ 19. Kb1 Kc8 20. Re8+ Rxe8 21. Qxe8+ Qd8 22. Bf5+ Kc7 23. Rxd8 Rxd8 24. Qe7+ Nd7 25. a4 Bd6 26. Qxg7 b4 27. Ne2 Be5 28. Qe7 Bd6 29. Qe3 Nc5 30. Qxh6 Rf8 31. Nd4 Bd5 32. b3 Re8 33. Qd2 Rf8 34. g4 Bb7 35. Qxb4 Re8 36. Qa5+ Kb8 37. Qb6 Be7 38. Nc6+ Ka8 39. Qxb7+ Kxb7 40. Nxe7 Rxe7 41. Kb2 Kc7 42. h4 Ne4 43. h5 Ng3 44. Bd3 Rg7 45. Bg6 1-0


[Site "https://www.chess.com"]

[Event "Titled Tuesday Blitz November 29 Late 2022"]
[White "Mladenovic, Stefan"]
[Black "Bordi, Kevin"]
[WhiteFideId "942227"]
[BlackFideId "621862"]
[WhiteElo "2337"]
[BlackElo "2824"]
[Result "1-0"]
[Round "05"]
[TimeControl "180+1"]
[Date "2022.11.30"]
[WhiteClock "0:00:08"]
[BlackClock "0:00:09"]

1. d4 d5 2. Bf4 c5 3. e3 Nc6 4. Nf3 Nf6 5. Nbd2 cxd4 6. exd4 Bf5 7. c3 e6 8. Bb5 Bd6 9. Ne5 Bxe5 10. Bxe5 O-O 11. Bxc6 bxc6 12. Qa4 Bd3 13. Qxc6 Ne4 14. Nxe4 dxe4 15. f3 Qg5 16. Kf2 Qd2+ 17. Kg3 Qxb2 18. Qa4 Qxc3 19. Rac1 Qb2 20. Rhd1 exf3 21. gxf3 Bf5 22. Qb3 Qxb3 23. axb3 a5 24. Bc7 a4 25. b4 a3 26. b5 a2 27. Ra1 Bb1 28. b6 Ra4 29. Bd6 Ra6 30. Rdxb1 axb1=Q 31. Rxb1 h5 32. Bxf8 1-0


[Site "https://www.chess.com"]

[Event "Titled Tuesday Blitz November 29 Late 2022"]
[White "Nakamura, Hikaru"]
[Black "Putnam, Liam"]
[WhiteFideId "2016192"]
[BlackFideId "30938279"]
[WhiteElo "2909"]
[BlackElo "2082"]
[Result "1-0"]
[Round "05"]
[TimeControl "180+1"]
[Date "2022.11.30"]
[WhiteClock "0:01:27"]
[BlackClock "0:00:34"]

1. Nf3 d5 2. g3 g6 3. d4 Bg7 4. Bg2 c6 5. c4 dxc4 6. Qc2 Nf6 7. Qxc4 O-O 8. O-O Be6 9. Qa4 b5 10. Qc2 Bf5 11. Qd1 Qb6 12. a4 Nbd7 13. Nbd2 Rfd8 14. axb5 Qxb5 15. Re1 Ne4 16. e3 Nb6 17. Nh4 Nxd2 18. Nxf5 gxf5 19. Bxd2 e5 20. Qc1 Rac8 21. Rxa7 exd4 22. exd4 Bxd4 23. Bc3 Bxc3 24. bxc3 Rd7 25. Qg5+ Kf8 26. Rxd7 Nxd7 27. Qe7+ Kg7 28. Qxd7 1-0


[Site "https://www.chess.com"]

[Event "Titled Tuesday Blitz November 29 Late 2022"]
[White "Necromon"]
[Black "Steinberg, Nitzan"]
[BlackFideId "2801795"]
[WhiteElo "2494"]
[BlackElo "2491"]
[Result "0-1"]
[Round "05"]
[TimeControl "180+1"]
[Date "2022.11.30"]
[WhiteClock "0:00:18"]
[BlackClock "0:00:28"]

1. Nf3 Nf6 2. g3 b6 3. Bg2 Bb7 4. O-O e6 5. b3 Be7 6. Bb2 O-O 7. c4 d5 8. cxd5 exd5 9. d4 Ne4 10. Nbd2 Bf6 11. Nxe4 dxe4 12. Ne5 Qd5 13. e3 Nd7 14. Rc1 c5 15. Nxd7 Qxd7 16. Qe2 cxd4 17. exd4 Rfe8 18. Rfd1 Bd5 19. Rc2 Rac8 20. Rdc1 Rxc2 21. Qxc2 h5 22. Qc7 Qf5 23. h3 e3 24. fxe3 Bxg2 25. Kxg2 Qe4+ 26. Kh2 Qxe3 27. Rc2 Qf3 28. Qc4 h4 29. gxh4 Qf4+ 30. Kh1 Re1+ 31. Kg2 Bxh4 32. Qd3 Qg5+ 33. Kh2 Qg1# 0-1


[Site "https://www.chess.com"]

[Event "Titled Tuesday Blitz November 29 Late 2022"]
[White "Novikova, Galina"]
[Black "Torres Dominguez, David"]
[WhiteFideId "4157095"]
[BlackFideId "2220857"]
[WhiteElo "1973"]
[BlackElo "2037"]
[Result "1-0"]
[Round "05"]
[TimeControl "180+1"]
[Date "2022.11.30"]
[WhiteClock "0:00:15"]
[BlackClock "0:00:36"]

1. e4 Nc6 2. Nf3 e5 3. d4 exd4 4. Nxd4 Nf6 5. Nxc6 bxc6 6. Qe2 Qe7 7. Nc3 d5 8. exd5 Qxe2+ 9. Bxe2 cxd5 10. Nb5 Bb4+ 11. c3 Ba5 12. Bf4 O-O 13. Nxc7 Rb8 14. O-O-O Rb6 15. Nxd5 Nxd5 16. Rxd5 Rf6 17. Rxa5 Rxf4 18. Bf3 a6 19. Re1 Rf6 20. Rae5 g6 21. R1e2 Be6 22. Bd5 Bg4 23. f3 Bf5 24. Bb3 Kg7 25. Re7 Bd3 26. Rd2 Bf5 27. a4 h5 28. Bd5 h4 29. c4 Rd6 30. b4 h3 31. g4 Bd7 32. b5 axb5 33. axb5 Rc8 34. Rxf7+ Kh6 35. f4 Rc5 36. g5+ Kh5 37. Bf3+ Bg4 38. Rh7# 1-0


[Site "https://www.chess.com"]

[Event "Titled Tuesday Blitz November 29 Late 2022"]
[White "O`Gorman, Tom"]
[Black "Freile Martin, Javier"]
[WhiteFideId "2508249"]
[BlackFideId "3600165"]
[WhiteElo "2271"]
[BlackElo "2337"]
[Result "1-0"]
[Round "05"]
[TimeControl "180+1"]
[Date "2022.11.30"]
[WhiteClock "0:00:24"]
[BlackClock "0:00:02"]

1. e4 c5 2. Nf3 d6 3. d4 cxd4 4. Nxd4 Nf6 5. Nc3 Nc6 6. Be2 e6 7. O-O Bd7 8. f4 Nxd4 9. Qxd4 Bc6 10. Be3 Be7 11. Rad1 a6 12. e5 dxe5 13. Qxe5 Nd5 14. Nxd5 Bxd5 15. Qxg7 Bf6 16. Qh6 Qe7 17. c4 Be4 18. Bf3 Bf5 19. b4 Rg8 20. Bc5 Bg7 21. Bxe7 Bxh6 22. Bc5 Rb8 23. Ba7 Ra8 24. Be3 Rd8 25. Bxb7 Rxd1 26. Rxd1 Ke7 27. Bxa6 e5 28. Bc5+ Kf6 29. fxe5+ Kxe5 30. Bb7 Be6 31. Bd5 Rg4 32. Re1+ Kf6 33. Bxe6 fxe6 34. Be3 1-0


[Site "https://www.chess.com"]

[Event "Titled Tuesday Blitz November 29 Late 2022"]
[White "Pace, Christopher"]
[Black "Ronka, Erik"]
[WhiteFideId "2610167"]
[BlackFideId "505080"]
[WhiteElo "2302"]
[BlackElo "2264"]
[Result "1-0"]
[Round "05"]
[TimeControl "180+1"]
[Date "2022.11.30"]
[WhiteClock "0:00:12"]
[BlackClock "0:01:23"]

1. e4 a6 2. d4 c5 3. dxc5 e6 4. Be3 Qc7 5. b4 a5 6. c3 Nf6 7. Bd3 d6 8. e5 Nd5 9. exd6 Qd7 10. Nf3 Nxe3 11. fxe3 b6 12. Ne5 Qa7 13. O-O f6 14. Qh5+ Kd8 15. Nf7+ Kd7 16. Bb5+ Nc6 17. Bxc6+ Kxc6 18. Nd8+ Kd7 19. Nf7 g6 20. Qf3 Bg7 21. Nxh8 Bxh8 22. Nd2 Bb7 23. Qh3 h5 24. Nb3 a4 25. Nd4 f5 26. Qg3 bxc5 27. bxc5 Qxc5 28. Rab1 Ba6 29. Qxg6 Qe5 30. Qf7+ Kxd6 31. Rb6+ Kc5 32. Rc6+ Kd5 33. Qd7+ Ke4 34. Rxe6 Bc4 35. Rxe5+ Bxe5 36. Qxf5+ Kxe3 37. Qxe5+ Kd2 38. Rf2+ Kxc3 39. Nc6+ Kd3 40. Qd4# 1-0


[Site "https://www.chess.com"]

[Event "Titled Tuesday Blitz November 29 Late 2022"]
[White "Pap, Gyula"]
[Black "Keymer, Vincent"]
[WhiteFideId "725323"]
[BlackFideId "12940690"]
[WhiteElo "2519"]
[BlackElo "2600"]
[Result "1/2-1/2"]
[Round "05"]
[TimeControl "180+1"]
[Date "2022.11.30"]
[WhiteClock "0:00:06"]
[BlackClock "0:00:05"]

1. d4 Nf6 2. Nf3 e6 3. e3 d5 4. Bd3 b6 5. O-O Bb7 6. b3 Bd6 7. Bb2 O-O 8. Nbd2 Nbd7 9. Ne5 c5 10. f4 Rc8 11. Qe2 Qe7 12. a4 Ne4 13. Nxe4 dxe4 14. Bb5 Nb8 15. dxc5 Bxc5 16. f5 f6 17. Ng6 hxg6 18. fxg6 f5 19. b4 Qg5 20. bxc5 bxc5 21. Rf4 Qxg6 22. Raf1 a6 23. Bc4 Bd5 24. Rh4 Bxc4 25. Qxc4 Nd7 26. Rh3 Rf7 27. Rg3 Qh6 28. Qxa6 Re8 29. Qc6 Rb8 30. Bc3 Nf8 31. a5 Rd8 32. a6 Rdd7 33. Qxc5 Ng6 34. a7 Rxa7 35. Qc8+ Nf8 36. Bd4 Rac7 37. Qd8 Rxc2 38. Qe8 Rcc7 39. h3 Qh4 40. Kh2 Qe7 41. Qb5 Rd7 42. Qe5 Rd5 43. Qb8 e5 44. Bc3 Rd8 45. Qb4 Qxb4 46. Bxb4 Ne6 47. Rg6 Nf8 48. Rg5 g6 49. Bc3 Nh7 50. Rg3 Nf8 51. h4 Kh7 52. Bxe5 Re8 53. Bf4 Ne6 54. Bg5 Ng7 55. Rh3 Ref8 56. Kg1 Nh5 57. Kh2 Kg8 58. Rd1 Rc8 59. Rd6 Kh7 60. Re6 Rc2 61. Rd6 Ra7 62. Rd1 Raa2 63. Rg1 Kg7 64. Kh1 Kf7 65. g4 Ng7 66. h5 fxg4 67. hxg6+ Kxg6 68. Bf4 Kf5 69. Rh7 Ne6 70. Rh5+ Kf6 71. Rxg4 Rc1+ 72. Rg1 Rxg1+ 73. Kxg1 Nxf4 74. exf4 e3 75. Kf1 Rf2+ 76. Ke1 Rxf4 77. Ke2 Re4 78. Rh3 Kf5 79. Rxe3 Rxe3+ 80. Kxe3 1/2-1/2


[Site "https://www.chess.com"]

[Event "Titled Tuesday Blitz November 29 Late 2022"]
[White "Papp, Petra"]
[Black "Marin Ramirez, Gerardo"]
[WhiteFideId "739049"]
[BlackFideId "3901068"]
[WhiteElo "2259"]
[BlackElo "2041"]
[Result "1-0"]
[Round "05"]
[TimeControl "180+1"]
[Date "2022.11.30"]
[WhiteClock "0:02:23"]
[BlackClock "0:01:16"]

1. d4 Nf6 2. c4 e6 3. g3 d5 4. Bg2 c6 5. Nf3 Nbd7 6. O-O b6 7. Qc2 Ba6 8. b3 Be7 9. Rd1 O-O 10. Nbd2 h6 11. Bb2 1-0


[Site "https://www.chess.com"]

[Event "Titled Tuesday Blitz November 29 Late 2022"]
[White "Pein, Jonathan"]
[Black "Kim, Sergey"]
[WhiteFideId "417092"]
[BlackFideId "13700570"]
[WhiteElo "2227"]
[BlackElo "2617"]
[Result "1/2-1/2"]
[Round "05"]
[TimeControl "180+1"]
[Date "2022.11.30"]
[WhiteClock "0:00:10"]
[BlackClock "0:00:26"]

1. c4 Nf6 2. Nc3 g6 3. g3 Bg7 4. Bg2 O-O 5. e4 d6 6. Nge2 e5 7. O-O c6 8. d3 a5 9. h3 Nbd7 10. Be3 Nc5 11. f4 Nfd7 12. f5 a4 13. Qd2 Rb8 14. Rad1 Re8 15. Bh6 f6 16. fxg6 hxg6 17. Bxg7 Kxg7 18. d4 Ne6 19. dxe5 dxe5 20. Qd6 Qe7 21. Nxa4 Qxd6 22. Rxd6 Ra8 23. Nac3 Ndc5 24. b3 Ng5 25. Rfxf6 Be6 26. Rf1 Bxh3 27. Bxh3 Nxh3+ 28. Kg2 Ng5 29. b4 Nce6 30. Rd7+ Kg8 31. Rxb7 Ra3 32. Rf6 Nf8 33. Rxc6 Rd8 34. Nd5 Rxa2 35. Kf1 Nxe4 36. Ne7+ Kh8 37. Nxg6+ Nxg6 38. Rxg6 Rd1+ 39. Kg2 Rxe2+ 40. Kf3 Nc3 41. Rc6 Rf1+ 42. Kg4 Rf8 43. Rh6+ Kg8 44. Rg6+ Kh8 45. c5 Ne4 46. Rh6+ Kg8 47. Rg6+ Kh8 48. Rh6+ Kg8 49. Rg6+ Kh8 1/2-1/2


[Site "https://www.chess.com"]

[Event "Titled Tuesday Blitz November 29 Late 2022"]
[White "Perez Rodriguez, Jennifer"]
[Black "Brown, Andrew"]
[WhiteFideId "3507831"]
[BlackFideId "3206513"]
[WhiteElo "2170"]
[BlackElo "2245"]
[Result "1-0"]
[Round "05"]
[TimeControl "180+1"]
[Date "2022.11.30"]
[WhiteClock "0:00:26"]
[BlackClock "0:00:02"]

1. e4 g6 2. d4 Bg7 3. Nc3 d6 4. Be3 a6 5. a4 Nd7 6. Nf3 b6 7. Bc4 e6 8. O-O Bb7 9. Re1 Ne7 10. Qd2 O-O 11. Bh6 d5 12. exd5 exd5 13. Bd3 c5 14. Bxg7 Kxg7 15. Qf4 c4 16. Bf1 Re8 17. Ng5 Nf6 18. Re3 h6 19. Nf3 Nf5 20. Re5 Nh5 21. Rxe8 Nxf4 22. Rxd8 Rxd8 23. g3 Ne6 24. Rd1 g5 25. Bh3 Ne7 26. Re1 Bc8 27. Bxe6 Bxe6 28. Ne5 Rb8 29. Kg2 b5 30. axb5 axb5 31. Ra1 b4 32. Ne2 Bf5 33. Ra7 Re8 34. c3 b3 35. g4 Be6 36. Ng3 Ng6 37. Nh5+ Kh7 38. Nf6+ 1-0


[Site "https://www.chess.com"]

[Event "Titled Tuesday Blitz November 29 Late 2022"]
[White "Petrovic, Aleksa"]
[Black "Kourkoulos-Arditis, Stamatis"]
[WhiteFideId "967629"]
[BlackFideId "4221990"]
[WhiteElo "2224"]
[BlackElo "2429"]
[Result "1-0"]
[Round "05"]
[TimeControl "180+1"]
[Date "2022.11.30"]
[WhiteClock "0:00:15"]
[BlackClock "0:00:02"]

1. d4 Nf6 2. c4 e6 3. Nf3 b6 4. g3 Bb7 5. Bg2 Be7 6. O-O O-O 7. Re1 d5 8. cxd5 exd5 9. Nc3 Nbd7 10. Bf4 Re8 11. Nb5 Bb4 12. Nxc7 Bxe1 13. Qxe1 Nh5 14. Bd6 Ndf6 15. Nxe8 Nxe8 16. Bb4 a5 17. Bd2 Nd6 18. Ne5 Nf6 19. Rc1 Nfe4 20. Bf4 Rc8 21. f3 Nf6 22. Bh3 Rxc1 23. Qxc1 h6 24. Nd7 Nxd7 25. Bxd6 Qe8 26. Kf2 Ba6 27. Qe3 Qd8 28. Qe7 Qxe7 29. Bxe7 Nf8 30. Bd8 a4 31. Bxb6 Bc4 32. a3 Ne6 33. Ke3 Kf8 34. Kd2 Ke7 35. Kc3 Bxe2 36. f4 1-0


[Site "https://www.chess.com"]

[Event "Titled Tuesday Blitz November 29 Late 2022"]
[White "Pranav, V"]
[Black "Yanchenko, Roman"]
[WhiteFideId "25060783"]
[BlackFideId "4137329"]
[WhiteElo "2430"]
[BlackElo "2489"]
[Result "1-0"]
[Round "05"]
[TimeControl "180+1"]
[Date "2022.11.30"]
[WhiteClock "0:01:51"]
[BlackClock "0:00:03"]

1. e4 e6 2. d3 d5 3. Nd2 Nf6 4. Ngf3 c5 5. g3 Nc6 6. Bg2 g6 7. O-O Bg7 8. Re1 O-O 9. Qe2 b5 10. Nf1 Bb7 11. e5 Nd7 12. Bf4 Qb6 13. h4 Rfb8 14. h5 Qd8 15. h6 Bf8 16. N1h2 a5 17. Ng4 b4 18. Qd2 Ba6 19. Bg5 Be7 20. Bxe7 Nxe7 21. a3 bxa3 22. Rxa3 Rxb2 23. Rea1 Nc6 24. Qf4 Rb4 25. c4 dxc4 26. Ng5 Qe7 27. Bxc6 cxd3 28. Qf3 Qxg5 29. Bxd7 Rd8 30. Nf6+ Kh8 31. Rxa5 Bb7 32. Bc6 Bxc6 33. Qxc6 Qxe5 34. Ra8 Rbb8 35. Nd7 Qb2 36. Nxb8 d2 37. Rd1 Rxb8 38. Qe8+ Rxe8 39. Rxe8# 1-0


[Site "https://www.chess.com"]

[Event "Titled Tuesday Blitz November 29 Late 2022"]
[White "Pruess, David"]
[Black "Mathur, Rithwik"]
[WhiteFideId "2014254"]
[BlackFideId "30913667"]
[WhiteElo "2430"]
[BlackElo "2011"]
[Result "1-0"]
[Round "05"]
[TimeControl "180+1"]
[Date "2022.11.30"]
[WhiteClock "0:00:34"]
[BlackClock "0:01:10"]

1. e4 c5 2. Nf3 d6 3. d4 cxd4 4. Nxd4 Nf6 5. Nc3 Nc6 6. Bc4 Bd7 7. Bb3 g6 8. f3 Nxd4 9. Qxd4 Bg7 10. Be3 O-O 11. Qd2 b5 12. a4 b4 13. Nb5 a5 14. O-O Bc6 15. Nd4 Bb7 16. Rad1 d5 17. e5 Nd7 18. e6 Nc5 19. exf7+ Rxf7 20. Rfe1 e5 21. Nc6 Nxb3 22. Nxd8 Nxd2 23. Nxf7 Nxf3+ 24. gxf3 Kxf7 25. Bb6 Rc8 26. Rd2 d4 27. Bxa5 Bxf3 28. Rf2 e4 29. Rxe4 1-0


[Site "https://www.chess.com"]

[Event "Titled Tuesday Blitz November 29 Late 2022"]
[White "Przybylski, Wojciech"]
[Black "Korchmar, Vasiliy"]
[WhiteFideId "1117599"]
[BlackFideId "24131750"]
[WhiteElo "2221"]
[BlackElo "2370"]
[Result "0-1"]
[Round "05"]
[TimeControl "180+1"]
[Date "2022.11.30"]
[WhiteClock "0:00:01"]
[BlackClock "0:00:11"]

1. e4 c5 2. Nf3 d6 3. d4 cxd4 4. Nxd4 Nf6 5. Nc3 Nc6 6. h3 g6 7. Be3 Bg7 8. Be2 O-O 9. O-O a6 10. a4 Bd7 11. Nb3 Rc8 12. f4 Be6 13. Bf3 Nd7 14. Kh2 Nb6 15. Nd2 Nd4 16. a5 Nxf3+ 17. Rxf3 Nc4 18. Nxc4 Rxc4 19. Bd2 d5 20. Nxd5 Bxd5 21. exd5 Qxd5 22. c3 Rd8 23. Qe2 Re4 24. Be3 e5 25. Qf2 exf4 26. Bxf4 Rde8 27. Qg3 Re2 28. Raf1 Rxb2 29. Bc1 Be5 30. Bf4 Bxf4 31. Qxf4 Ree2 32. Rg1 Qe5 33. Qxe5 Rxe5 34. Rd3 Rxa5 35. Rd7 Rf5 36. c4 a5 37. Rd4 a4 38. Ra1 Ra5 39. c5 a3 40. Rc4 a2 41. Rcc1 Kf8 42. Kg3 Ke7 43. Kf4 Kd7 44. Kg5 Kc6 45. Kf6 Rxg2 46. Kxf7 Rxc5 47. Rd1 b5 48. Kg7 h5 49. Rd8 b4 50. Rc8+ Kb5 51. Ra8 b3 52. Rb8+ Ka4 53. Rd1 Rc7+ 0-1


[Site "https://www.chess.com"]

[Event "Titled Tuesday Blitz November 29 Late 2022"]
[White "Quesada Perez, Yuniesky"]
[Black "Barria Zuniga, Daniel"]
[WhiteFideId "3504409"]
[BlackFideId "3400816"]
[WhiteElo "2599"]
[BlackElo "2414"]
[Result "1-0"]
[Round "05"]
[TimeControl "180+1"]
[Date "2022.11.30"]
[WhiteClock "0:00:11"]
[BlackClock "0:00:07"]

1. e4 c5 2. Nf3 Nc6 3. Bb5 e6 4. O-O a6 5. Bxc6 bxc6 6. c3 Ne7 7. d4 cxd4 8. cxd4 d5 9. Nc3 f6 10. e5 Ng6 11. Re1 fxe5 12. Nxe5 Nxe5 13. Rxe5 Bd6 14. Re1 O-O 15. Qh5 Rf5 16. Qe2 Qh4 17. g3 Qxd4 18. Be3 Qf6 19. Rad1 e5 20. f4 exf4 21. Bxf4 Bxf4 22. Qe8+ Qf8 23. gxf4 Rxf4 24. Qxf8+ Kxf8 25. Ne2 Rg4+ 26. Kf2 Bd7 27. Nd4 Re8 28. Rxe8+ Kxe8 29. b4 Ke7 30. a3 Rh4 31. Kg2 Re4 32. Kf2 Kd6 33. Nb3 Rf4+ 34. Kg3 Rg4+ 35. Kf2 h5 36. Nc5 Bf5 37. Nxa6 Rh4 38. Kg2 Be4+ 39. Kg3 Rg4+ 40. Kf2 Rg2+ 41. Ke3 Rxh2 42. Nc5 Ke5 43. Nd7+ Kd6 44. Nc5 Rh4 45. a4 Ke5 46. Nd7+ Kd6 47. Nc5 g5 48. a5 Rh3+ 49. Kd4 Bf3 50. Rd3 g4 51. a6 Rh1 52. Ra3 Rd1+ 53. Ke3 d4+ 54. Kf4 Rf1 55. a7 Bd5+ 56. Kg5 Rf8 57. a8=Q Rxa8 58. Rxa8 g3 59. Kxh5 g2 60. Ra1 Ke5 61. Kg4 d3 62. Nxd3+ Kd4 63. Nf4 Be4 64. Kg3 Kc3 65. Nxg2 Kxb4 66. Ne3 c5 67. Kf4 Bd3 68. Ke5 Kc3 69. Kd5 c4 70. Ra7 Kd2 71. Nxc4+ Bxc4+ 72. Kxc4 1-0


[Site "https://www.chess.com"]

[Event "Titled Tuesday Blitz November 29 Late 2022"]
[White "Quinones Garcia, Santiago"]
[Black "Lewtak, Damian"]
[WhiteFideId "4408497"]
[BlackFideId "1141724"]
[WhiteElo "2249"]
[BlackElo "2329"]
[Result "0-1"]
[Round "05"]
[TimeControl "180+1"]
[Date "2022.11.30"]
[WhiteClock "0:00:12"]
[BlackClock "0:01:30"]

1. e4 c5 2. Nf3 d6 3. d4 cxd4 4. Nxd4 Nf6 5. Nc3 Nc6 6. Be2 e5 7. Nb3 Be7 8. O-O h6 9. Be3 O-O 10. Bc4 Be6 11. Bd5 a5 12. a4 Bxd5 13. exd5 Nb4 14. h3 Qc7 15. Qd2 Qc4 16. Rfd1 Rfc8 17. Bb6 Ne4 18. Nxe4 Nxc2 19. Nxa5 Qxe4 20. Rab1 Ra6 21. Be3 Nxe3 22. fxe3 Bg5 23. Nb3 Bxe3+ 0-1


[Site "https://www.chess.com"]